 Dungeon Crawl Stone Soup version 0.25-a0-73-g9796ba8 (webtiles) character file.

Game seed: 7072472254115740470, levelgen mode: deterministic

46 BeowulfAlex the Digger (level 3, -3/19 HPs)
             Began as a Gargoyle Earth Elementalist on Nov 5, 2019.
             Slain by an ogre
             ... wielding a +0 giant spiked club
              (11 damage)
             ... on level 4 of the Dungeon.
             The game lasted 00:05:03 (1489 turns).

BeowulfAlex the Digger (GrEE)                       Turns: 1489, Time: 00:05:03

Health: -3/19      AC:  5    Str: 11    XL:     3   Next: 68%
Magic:  7/7        EV: 12    Int: 16    God:
Gold:   106        SH:  0    Dex: 10    Spells: 3/7 levels left

rFire    . . .     SeeInvis .   l - +0 short sword
rCold    . . .     Gourm    .   (no shield)
rNeg     + . .     Faith    .   c - +0 robe
rPois    ∞         Spirit   .   (no helmet)
rElec    +         Reflect  .   (no cloak)
rCorr    .         Harm     .   (no gloves)
MR       .....                  (no boots)
Stlth    ++........             (no amulet)
HPRegen  0.06/turn              (no ring)
MPRegen  0.10/turn              (no ring)

@: no status effects
A: negative energy resistance 1, electricity resistance, unbreathing,
petrification resistance, rot immunity, AC +3
a: no special abilities


You were on level 4 of the Dungeon.
You were not hungry.

You visited 1 branch of the dungeon, and saw 3 of its levels.

You collected 106 gold pieces.

Inventory:

Hand Weapons
 h - a +0 spear
 l - a +0 short sword (weapon)
Missiles
 b - 74 stones (quivered)
 k - 8 poisoned darts
Armour
 c - a +0 robe (worn)
 p - a +0 hat
Scrolls
 a - a scroll of amnesia
 e - a scroll of enchant weapon
 g - a scroll of identify
 o - a scroll of fear {unknown}
Potions
 j - 2 potions of might {unknown}
 m - a potion of berserk rage {unknown}
Comestibles
 d - 3 rations


   Skills:
 - Level 1.5 Dodging
 - Level 2.1 Stealth
 + Level 2.8 Spellcasting
 + Level 0.9 Conjurations
   Level 0.7 Transmutations
 + Level 4.5 Earth Magic


You had 3 spell levels left.
You knew the following spells:

 Your Spells              Type           Power        Failure   Level  Hunger
a - Sandblast             Erth           ###...       3%          1    #......
b - Stone Arrow           Conj/Erth      ##....       19%         3    ###....

Your spell library contained the following spells:

 Spells                   Type           Power        Failure   Level  Hunger
 Passwall                 Tmut/Erth      ##......     10%         2    ##.....
 Petrify                  Tmut/Erth      ##......     54%         4    #####..
 Lee's Rapid Deconstruct  Erth           ###.......   63%         5    ######.


Dungeon Overview and Level Annotations

Branches:
Dungeon (2/15)

Altars:


Innate Abilities, Weirdness & Mutations

You are resistant to torment.
Your stone body is resilient. (AC +3)
You are immune to poison.
You resist negative energy. (rN+)
You are resistant to electric shocks. (rElec)
You can survive without breathing.
You are immune to petrification.
You are immune to rotting.


Message History

As you read the scroll labeled WIZXIULOIN, it crumbles to dust.
It is a scroll of amnesia.
Really abort (and waste the scroll)? [Y]es or [N]o only, please.
Really abort (and waste the scroll)?
Okay, then.
As you read the scroll labeled BOPSES GIGOZ, it crumbles to dust.
It is a scroll of identify.
e - a scroll of enchant weapon The ogre misses you.
As you read the scroll labeled FUSEDADEU NECI, it crumbles to dust.
You feel blessed for a moment.
It was a scroll of remove curse.
The ogre hits you with a +0 giant spiked club!
Ouch! That really hurt!
As you read the scroll labeled MUREOMUACAF, it crumbles to dust.
You feel aware of your surroundings.
You sensed 1 altar.
It was a scroll of magic mapping.
The ogre hits you with a +0 giant spiked club!
Ouch! That really hurt!
You die...

*,*
*,*,,,,,,*,,,,,,***,,
*,*
*,+,≈≈≈≈,***,,,,,,,,,
*,* ***,,,,,,*
*,8,,,,,,, *,*
*###**** *,,,,,,,,,
*,* #.# *,8,,,,,,,
*,**** #.# *,,,,,,,,,
***,,,,***** #.#
*,8,,,_,,,
,,,,,,,,,,,* #.#
*,,,,***,,
******,***,* #@#
***,,,,,,, *,* *,*
#O# **,,,,,, *,* #.#
#S# ****... *,* #.#
#.# *#.. *,* #.# #.#
#.. *,* #.# #.# #..
*,* #.# #.# #.. #,*
#.# #.# #..
**####.###.#####.#
#..


You could see an ogre and an adder.

Vanquished Creatures
  An adder (D:2)
  2 worms (D:2)
  3 giant cockroaches (D:1)
  5 goblins
  2 hobgoblins (D:1)
  2 jackals (D:1)
  A ball python (D:1)
  5 bats
  5 frilled lizards
  3 kobolds (D:1)
  6 rats (D:1)
35 creatures vanquished.

Notes
Turn   | Place    | Note
-------+----------+-------------------------------------------
     0 | D:1      | BeowulfAlex the Gargoyle Earth Elementalist began the quest
                  | for the Orb.
     0 | D:1      | Reached XP level 1. HP: 10/10 MP: 3/3
   448 | D:1      | Reached XP level 2. HP: 15/15 MP: 5/5
   466 | D:1      | Reached skill level 4 in Earth Magic
   877 | D:1      | Reached XP level 3. HP: 18/19 MP: 6/6
   882 | D:1      | Learned a level 3 spell: Stone Arrow
  1407 | D:2      | You fall into a shaft and drop 2 floors!
  1408 | D:4      | Noticed an ogre
  1423 | D:4      | Noticed an ogre
  1489 | D:4      | Slain by an ogre

Levels and vault maps discovered:
D:1:      dpeg_arrival_pond, layout_rooms
D:2:      layout_basic
D:4:      layout_loops_ring, eat_drink_and_be_merry_uskayaw, first_ration,
          dk_vineyard_2, uniq_ijyb

Skill      XL: |  1  2 |
---------------+-------+-----
Earth Magic    | 4 |  4.5
Dodging        | |  1.5
Stealth        | |  2.1
Spellcasting   | |  2.8
Conjurations   | |  0.9
Transmutations | |  0.7

Action                   || total
-------------------------++-------
Melee: Unarmed           ||    30
       Spear             ||    42
       Short sword       ||    62
 Cast: Sandblast         ||    15
  Use: Scroll            ||     4
 Stab: Sleeping          ||     4
  Eat: Chunk             ||     2
Armor: Robe              ||    40
Dodge: Dodged            ||    92

Table legend:
 A = Non-vault XP
 B = Vault XP
 C = Vault XP percentage of total XP
 D = Non-vault monster count
 E = Vault monster count
 F = Vault count percentage of total count
                 A         B        C        D         E       F
            +---------+---------+-------+---------+---------+-------
      Total |      67 |       0 |   0.0 |      35 |       0 |   0.0
            +---------+---------+-------+---------+---------+-------
        D:1 |      37 |       0 |   0.0 |      27 |       0 |   0.0
        D:2 |      30 |       0 |   0.0 |       8 |       0 |   0.0
            +---------+---------+-------+---------+---------+-------
